[Event "Monday 30 April Rapid Engine Tour 12+1 Rounds 9 Starts 1600ST"]
[Site "Infinity Chess"]
[Date "2018.4.30"]
[Round "5"]
[White "THE_MACHINE"]
[Black "star99"]
[Result "0-1 "]
[ECO "C50"]
[WhiteElo "2568"]
[BlackElo "2440"]
[WhiteEngine "BrainFish_180423_x64_bmi2"]
[BlackEngine "Cryptic Heroes 9.4B"]
[EventType "Swiss"]
[WhiteTeam ""]
[BlackTeam ""]
[PlyCount "36"]
[TimeControl "720+1"]

1. e4 e5 2. Nf3 Nc6 3. Bc4 Bc5 4. O-O Nf6 5. d3 a5 6. c3 d6 7. h3 O-O 8. Re1 Be6 
9. Bb5 Bb6 10. Nbd2 h6 11. Nf1 Qb8 12. Ba4 Qa7 13. Re2 Ne7 14. Ng3 Ng6 
15. d4 exd4 16. Nxd4 c6 17. Bc2 Rfe8 18. Be3 a4 0-1

[Event "Monday 30 April Rapid Engine Tour 12+1 Rounds 9 Starts 1600ST"]
[Site "Infinity Chess"]
[Date "2018.4.30"]
[Round "5"]
[White "Susanne"]
[Black "angriff"]
[Result "1/2-1/2"]
[ECO "C55"]
[WhiteElo "2577"]
[BlackElo "2453"]
[WhiteEngine "asmFishW_IX_bmi2_CTG"]
[BlackEngine "DracoREX 3.07 64BIT POPCNT_CTG"]
[EventType "Swiss"]
[WhiteTeam ""]
[BlackTeam ""]
[PlyCount "94"]
[TimeControl "720+1"]

1. e4 e5 2. Nf3 Nc6 3. Bc4 Nf6 4. d3 Bc5 5. c3 d6 6. O-O O-O 7. Re1 a5 8. Bg5 h6 
9. Bh4 Ba7 10. Na3 g5 11. Bg3 g4 12. Bh4 gxf3 13. Qxf3 Kg7 14. Rad1 a4 
15. h3 Rg8 16. Nc2 Be6 17. Bd5 Bxd5 18. exd5 Nb8 19. d4 Nbd7 20. Ne3 Kf8 
21. Ng4 Rg6 22. dxe5 dxe5 23. d6 cxd6 24. Rxd6 Nxg4 25. Bxd8 Bxf2+ 26. Qxf2 Nxf2 
27. Rxd7 Ke8 28. Re7+ Kxd8 29. Rxf7 Nxh3+ 30. Kh2 Ra5 31. Kxh3 Rb6 32. Re2 Rab5 
33. Re4 Rxb2 34. Rxa4 Ra6 35. Rg4 Re6 36. Rgg7 e4 37. a4 e3 38. Rf8+ Re8 
39. Rxe8+ Kxe8 40. Kg3 Rc2 41. Rxb7 Rxc3 42. Kf3 Ra3 43. Rb6 Rxa4 44. Rxh6 Ra3 
45. Re6+ Kf7 46. Rxe3 Ra1 47. Kg4 Ra4+ 1/2-1/2

[Event "Monday 30 April Rapid Engine Tour 12+1 Rounds 9 Starts 1600ST"]
[Site "Infinity Chess"]
[Date "2018.4.30"]
[Round "4"]
[White "hafaba"]
[Black "Thor"]
[Result "1/2-1/2"]
[ECO "C65"]
[WhiteElo "2412"]
[BlackElo "2462"]
[WhiteEngine "Eman 1.70-beta21 64-bit POPCNT_CTG"]
[BlackEngine "asmFishW_2018-04-08_bmi2"]
[EventType "Swiss"]
[WhiteTeam ""]
[BlackTeam ""]
[PlyCount "85"]
[TimeControl "720+1"]

1. e4 e5 2. Nf3 Nc6 3. Bb5 Nf6 4. Nc3 Nd4 5. Ba4 Bc5 6. Nxe5 O-O 7. Nd3 Bb6 
8. e5 Ne8 9. Nd5 d6 10. Ne3 c6 11. O-O Bc7 12. f4 b5 13. Bb3 Bb6 14. c3 Nxb3 
15. axb3 f6 16. exd6 Nxd6 17. b4 Ne4 18. Qc2 Qe7 19. Nf2 Nxf2 20. Rxf2 Be6 
21. d4 a5 22. bxa5 Bxa5 23. g3 Bf7 24. Re2 Qd7 25. Re1 b4 26. Qd3 c5 27. d5 c4 
28. Qxc4 bxc3 29. bxc3 Bb6 30. Rxa8 Rxa8 31. Qc6 Qxc6 32. dxc6 Ra2 33. Rd1 Bb3 
34. c7 Bxc7 35. Rd7 Bb6 36. Rb7 Bxe3+ 37. Bxe3 Be6 38. Bc5 h5 39. Bd4 Ra1+ 
40. Kf2 Ra2+ 41. Kg1 Ra1+ 42. Kf2 Ra2+ 43. Kg1 1/2-1/2

[Event "Monday 30 April Rapid Engine Tour 12+1 Rounds 9 Starts 1600ST"]
[Site "Infinity Chess"]
[Date "2018.4.30"]
[Round "4"]
[White "coreoptimist"]
[Black "IronMan"]
[Result "1/2-1/2"]
[ECO "C55"]
[WhiteElo "2383"]
[BlackElo "2368"]
[WhiteEngine "asmFishW_2018-04-25_bmi2_CTG"]
[BlackEngine "Eman 1.70-beta23 64-bit POPCNT"]
[EventType "Swiss"]
[WhiteTeam ""]
[BlackTeam ""]
[PlyCount "149"]
[TimeControl "720+1"]

1. e4 e5 2. Nf3 Nc6 3. Bc4 Nf6 4. d3 Bc5 5. O-O d6 6. c3 a5 7. Nbd2 O-O 
8. Re1 Be6 9. Bb5 Ba7 10. h3 Ne7 11. d4 Ng6 12. Ba4 h6 13. Bc2 b5 14. a4 b4 
15. Nf1 c6 16. Ng3 Qc7 17. Bd2 Rfb8 18. Nf5 bxc3 19. bxc3 Rb2 20. Rb1 Rxb1 
21. Qxb1 Bb6 22. Qc1 Qd8 23. Rd1 Qf8 24. Qa3 exd4 25. N3xd4 Bxf5 26. Nxf5 Bc5 
27. Qa2 Rb8 28. Rb1 Ne5 29. Bf4 Qe8 30. Rd1 Qe6 31. Qxe6 fxe6 32. Nd4 Bxd4 
33. cxd4 Nc4 34. Rb1 Rb4 35. Kf1 Kf7 36. Rxb4 axb4 37. Ke2 Nd7 38. a5 g5 
39. Bd2 Nxa5 40. Bxb4 Nb7 41. g3 c5 42. dxc5 Nbxc5 43. f4 gxf4 44. gxf4 e5 
45. f5 Nf6 46. Kf3 Nh7 47. h4 Nf6 48. Bb1 Ke7 49. Bd2 h5 50. Bg5 Kf7 51. Bc1 Nh7 
52. Ba2+ Kg7 53. Bb2 Nf6 54. Bb1 Ng4 55. Bc3 Kf7 56. Bd2 Kg7 57. Bc2 Kf6 
58. Bc3 Ke7 59. Bd2 Kf6 60. Bc1 Ke7 61. Be3 Nxe3 62. Kxe3 Kf7 63. Kd2 Kf6 
64. Ke3 Nd7 65. Ba4 Nc5 66. Bd1 Nd7 67. Bxh5 Nc5 68. Bf3 Nd7 69. h5 Kg5 
70. Kd3 Nb6 71. Kc3 d5 72. h6 Kxh6 73. exd5 Kg5 74. d6 Kxf5 75. d7 1/2-1/2

[Event "Monday 30 April Rapid Engine Tour 12+1 Rounds 9 Starts 1600ST"]
[Site "Infinity Chess"]
[Date "2018.4.30"]
[Round "4"]
[White "ocirema"]
[Black "xeonrocks"]
[Result "1/2-1/2 "]
[ECO "D30"]
[WhiteElo "2407"]
[BlackElo "2511"]
[WhiteEngine "asmFishW_9_popcnt"]
[BlackEngine "Stockfish_x64_bmi2_CTG"]
[EventType "Swiss"]
[WhiteTeam ""]
[BlackTeam ""]
[PlyCount "138"]
[TimeControl "720+1"]

1. d4 d5 2. c4 e6 3. Nf3 Nf6 4. Nc3 c6 5. Bg5 h6 6. Bxf6 Qxf6 7. e3 Nd7 
8. Bd3 dxc4 9. Bxc4 g6 10. O-O Bg7 11. e4 e5 12. d5 Nb6 13. Bb3 O-O 14. Re1 cxd5 
15. exd5 Bf5 16. Qe2 a5 17. a3 Nd7 18. Rad1 Nc5 19. Bc4 Rac8 20. Nd2 Qb6 
21. Bb5 e4 22. Nc4 Qd8 23. Rf1 Qg5 24. Ne3 Nb3 25. Nxf5 gxf5 26. Qe3 f4 
27. Qh3 Nd4 28. Nxe4 Qxd5 29. Bd3 Rfd8 30. Rfe1 Kf8 31. Nc3 Qg5 32. Kf1 b6 
33. Ba6 Rc6 34. Ne4 Qe7 35. Nc3 Qg5 36. Ne4 Qd5 37. b3 a4 38. bxa4 Re6 
39. f3 Qa8 40. Bd3 Qxa4 41. Qh4 Nc6 42. Nf2 Red6 43. Be2 Rxd1 44. Nxd1 Rd7 
45. g3 Ne7 46. Qxf4 Qxf4 47. gxf4 Ra7 48. Ne3 Rxa3 49. Rd1 Ra1 50. Rxa1 Bxa1 
51. Bc4 Bb2 52. Ke2 Bc1 53. Kd3 Bxe3 54. Kxe3 Nf5+ 55. Kd3 Kg7 56. Bb5 Nh4 
57. Bc6 Nf5 58. Bd7 Ne7 59. Ke4 Ng6 60. f5 Nh4 61. Kf4 Kf6 62. Be8 Nxf5 
63. Bxf7 b5 64. Bb3 b4 65. Ke4 h5 66. Kd5 h4 67. Kc5 Ke5 68. h3 Ne3 
69. Kxb4 Nd5+ 1/2-1/2

[Event "Monday 30 April Rapid Engine Tour 12+1 Rounds 9 Starts 1600ST"]
[Site "Infinity Chess"]
[Date "2018.4.30"]
[Round "4"]
[White "angriff"]
[Black "Katzenmaier"]
[Result "1-0"]
[ECO "C11"]
[WhiteElo "2437"]
[BlackElo "2445"]
[WhiteEngine "DracoREX 3.07 64BIT POPCNT_CTG"]
[BlackEngine "Raubfisch X36d1"]
[EventType "Swiss"]
[WhiteTeam ""]
[BlackTeam ""]
[PlyCount "114"]
[TimeControl "720+1"]

1. e4 e6 2. d4 d5 3. Nc3 Nf6 4. e5 Nfd7 5. f4 c5 6. Nf3 Nc6 7. Be3 a6 8. Qd2 Be7 
9. Be2 b5 10. O-O O-O 11. a3 Bb7 12. Nd1 Rc8 13. c3 Na5 14. Qc2 cxd4 
15. Nxd4 Nc4 16. b4 Nxe3 17. Nxe3 g6 18. Rf3 Nb8 19. Qd2 Nc6 20. Nec2 Qd7 
21. f5 Nxe5 22. Rh3 g5 23. Ne3 Qc7 24. fxe6 fxe6 25. Nxe6 Qxc3 26. Qxc3 Rxc3 
27. Nxf8 Bxf8 28. Ng4 Rxh3 29. gxh3 Bg7 30. Rf1 d4 31. Nxe5 Bxe5 32. Bf3 Bxf3 
33. Rxf3 Kg7 34. Rf5 Bf4 35. Rc5 d3 36. Kf2 Kf6 37. Rc3 Ke5 38. Rxd3 h5 
39. h4 Bxh2 40. hxg5 Kf5 41. Rd5+ Ke6 42. g6 Kf6 43. Rxh5 Bd6 44. Rh7 Kxg6 
45. Ra7 Be5 46. Rxa6+ Kf7 47. a4 bxa4 48. b5 Ke7 49. Rxa4 Kd6 50. Rc4 Kd5 
51. Rc6 Bd4+ 52. Kf3 Ba7 53. Ra6 Bg1 54. Rg6 Bh2 55. b6 Bb8 56. b7 Bc7 
57. Rg8 Kd6 1-0

[Event "Monday 30 April Rapid Engine Tour 12+1 Rounds 9 Starts 1600ST"]
[Site "Infinity Chess"]
[Date "2018.4.30"]
[Round "4"]
[White "star99"]
[Black "HerzsjeMZ"]
[Result "1/2-1/2"]
[ECO "C50"]
[WhiteElo "2439"]
[BlackElo "2452"]
[WhiteEngine "Cryptic Heroes 9.4B"]
[BlackEngine "SugaR.XPrO.1.4.64.POCNT"]
[EventType "Swiss"]
[WhiteTeam ""]
[BlackTeam ""]
[PlyCount "139"]
[TimeControl "720+1"]

1. e4 e5 2. Nf3 Nc6 3. Bc4 Bc5 4. O-O Nf6 5. d3 d6 6. c3 O-O 7. a4 a5 8. Bg5 h6 
9. Bh4 g5 10. Bg3 Kg7 11. Nbd2 Ba7 12. Re1 Ng8 13. h3 h5 14. d4 h4 15. Bh2 Nh6 
16. Nf1 g4 17. hxg4 Nxg4 18. Ne3 Rh8 19. Qd2 Qf6 20. Nd5 Qd8 21. Ne3 Qf6 
22. Nd5 Qd8 23. b3 Rh5 24. Rad1 Kh8 25. Be2 Rh7 26. Ng5 Rg7 27. Nh3 Nf6 
28. Qh6+ Nh7 29. Kh1 exd4 30. Nhf4 Be6 31. c4 Qg5 32. Qxg5 Nxg5 33. Nxc7 Nxe4 
34. Nd3 Rc8 35. Nb5 Nc3 36. Nxa7 Nxa7 37. Rd2 Ne4 38. Rdd1 h3 39. Bf3 Ng5 
40. Bxb7 hxg2+ 41. Kxg2 Rb8 42. Bd5 Nc8 43. Bxe6 Nxe6+ 44. Kf1 Rxb3 45. Nf4 Ng5 
46. Nh5 Rg6 47. Re8+ Rg8 48. Nf6 Rxe8 49. Nxe8 Ne6 50. Nxd6 Nxd6 51. Bxd6 Kg7 
52. Be5+ Kg6 53. Bxd4 Rb4 54. Bc3 Rxa4 55. Rd5 Rxc4 56. Bxa5 f6 57. Bd2 Rc5 
58. Rd6 Rc2 59. Kg1 Nc5 60. f3 Nb3 61. Be3 Nc1 62. Kf1 Nb3 63. f4 Rc4 
64. Rd5 Nc1 65. f5+ Kh5 66. Rd6 Kg4 67. Bxc1 Rxc1+ 68. Ke2 Kxf5 69. Rd3 Rc2+ 
70. Kf3 1/2-1/2

[Event "Monday 30 April Rapid Engine Tour 12+1 Rounds 9 Starts 1600ST"]
[Site "Infinity Chess"]
[Date "2018.4.30"]
[Round "4"]
[White "Susanne"]
[Black "Medusa"]
[Result "1-0"]
[ECO "C11"]
[WhiteElo "2565"]
[BlackElo "2463"]
[WhiteEngine "asmFishW_IX_bmi2_CTG"]
[BlackEngine "Eman 1.70-beta23 64-bit BMI2"]
[EventType "Swiss"]
[WhiteTeam ""]
[BlackTeam ""]
[PlyCount "295"]
[TimeControl "720+1"]

1. e4 e6 2. d4 d5 3. Nc3 Nf6 4. e5 Nfd7 5. f4 c5 6. Nf3 Nc6 7. Be3 Qb6 
8. Be2 cxd4 9. Nxd4 Bc5 10. Na4 Qa5+ 11. Nc3 Qb6 12. Na4 Qa5+ 13. c3 Nxd4 
14. Nxc5 Nxe2 15. Qxe2 Nxc5 16. b4 Qa4 17. bxc5 b6 18. Qd2 Qb5 19. cxb6 axb6 
20. Bd4 O-O 21. Kf2 Qc6 22. h4 Bd7 23. h5 Ra4 24. Rhb1 b5 25. h6 g6 26. Kg1 Rc8 
27. Qf2 Qc7 28. Qh4 Qd8 29. Qxd8+ Rxd8 30. Kf2 Rda8 31. Rb2 Ra3 32. Kg3 Rc8 
33. Kh4 Kf8 34. Kg5 Ke7 35. Kh4 Raa8 36. Rf1 Rc4 37. g4 Raa4 38. Rd1 Ra5 
39. Kg5 Ra3 40. Rf1 Raa4 41. Rd2 Ke8 42. Rb1 Ra3 43. Rb3 Ra8 44. Rb4 Rcc8 
45. Kf6 Kf8 46. Rbb2 Rc7 47. Rf2 Rcc8 48. Rf1 Kg8 49. Rc1 Ra4 50. Ra1 Raa8 
51. Rh2 Ra6 52. Rg1 Be8 53. Rb2 Kf8 54. Rgb1 Ra4 55. Rd2 Ra5 56. Rf2 Ra4 
57. Rfb2 Bd7 58. Rh2 Ra5 59. Rhb2 Raa8 60. Ra1 Rc4 61. Kg5 Rc7 62. Kf6 Be8 
63. Re2 Rcc8 64. Rc1 Ra4 65. Rb1 Ra6 66. Rbe1 Raa8 67. Rg2 Rc7 68. Rb2 Rcc8 
69. Rg1 Rc7 70. Rh2 Bd7 71. Ra1 Ra4 72. Rd1 Be8 73. Rb1 Ra8 74. Rd2 Kg8 
75. Rbd1 Rc4 76. Rb1 Bd7 77. Rh2 Kf8 78. Rd1 Ra3 79. Rdd2 Be8 80. Rb2 Bd7 
81. Rhd2 Rc7 82. Rd1 Rc8 83. Rg2 Kg8 84. Rf1 Rb8 85. Rb1 Rc8 86. Rb3 Ra5 
87. a3 Be8 88. Rbb2 Bd7 89. a4 bxa4 90. Rb7 Be8 91. Ra2 Raa8 92. Rb6 Rcb8 
93. Rxb8 Rxb8 94. f5 Rc8 95. fxg6 hxg6 96. Rh2 Kh7 97. g5 Rb8 98. Ke7 Rc8 
99. Kf6 Rd8 100. Ra2 Rc8 101. Rb2 Rd8 102. Ke7 Rc8 103. Rd2 Ra8 104. Ra2 Rc8 
105. Rb2 Ra8 106. Bc5 Rc8 107. Bb4 Ra8 108. Bd6 Rc8 109. Rh2 Bb5 110. Rb2 Be8 
111. Ba3 Ra8 112. Rb4 Rc8 113. Rf4 Rb8 114. c4 dxc4 115. Rxc4 Bb5 116. Rc7 Kg8 
117. Kf6 Be8 118. Rc3 Kh7 119. Ke7 Kg8 120. Rc2 Bb5 121. Rb2 Rb7+ 122. Kf6 Kh7 
123. Rc2 Ra7 124. Rc8 Bd3 125. Rf8 Be4 126. Bc5 Ra6 127. Rxf7+ Kg8 128. Rf8+ Kh7 
129. Ba3 Ra7 130. Kxe6 Bf5+ 131. Kd6 Bg4 132. Rf6 Rd7+ 133. Kc6 Rd3 
134. Rf7+ Kh8 135. Be7 Rc3+ 136. Kd5 Rd3+ 137. Ke4 Bf5+ 138. Rxf5 gxf5+ 
139. Kxd3 Kh7 140. e6 a3 141. Bxa3 Kg6 142. e7 Kh5 143. h7 f4 144. e8=Q+ Kg4 
145. h8=Q f3 146. Qe1 f2 147. Qe4+ Kxg5 148. Bc1# 1-0

[Event "Monday 30 April Rapid Engine Tour 12+1 Rounds 9 Starts 1600ST"]
[Site "Infinity Chess"]
[Date "2018.4.30"]
[Round "4"]
[White "Gilgamesch"]
[Black "THE_MACHINE"]
[Result "1/2-1/2"]
[ECO "C50"]
[WhiteElo "2502"]
[BlackElo "2571"]
[WhiteEngine "BrainFish_180408_x64_bmi2"]
[BlackEngine "BrainFish_180423_x64_bmi2"]
[EventType "Swiss"]
[WhiteTeam ""]
[BlackTeam ""]
[PlyCount "68"]
[TimeControl "720+1"]

1. e4 e5 2. Nf3 Nc6 3. Bc4 Bc5 4. O-O Nf6 5. Re1 O-O 6. d3 d6 7. c3 a5 
8. Nbd2 Be6 9. Bb5 Ne7 10. d4 Ba7 11. Nf1 Ng6 12. Ng3 c6 13. Bf1 Bg4 14. Be3 Re8 
15. h3 Bxf3 16. Qxf3 d5 17. Bg5 exd4 18. Bxf6 Qxf6 19. Qxf6 gxf6 20. exd5 Rxe1 
21. Rxe1 cxd5 22. Nh5 f5 23. cxd4 Bxd4 24. Rd1 Bxb2 25. Rxd5 f4 26. Rf5 Rc8 
27. Nxf4 Bd4 28. a4 Rc2 29. Ne2 Bc5 30. Ng3 Ne7 31. Rf4 Nd5 32. Rf5 Ne7 
33. Rf4 Ng6 34. Rf5 Ne7 1/2-1/2

[Event "Monday 30 April Rapid Engine Tour 12+1 Rounds 9 Starts 1600ST"]
[Site "Infinity Chess"]
[Date "2018.4.30"]
[Round "3"]
[White "Katzenmaier"]
[Black "star99"]
[Result "1/2-1/2 "]
[ECO "D02"]
[WhiteElo "2445"]
[BlackElo "2439"]
[WhiteEngine "Raubfisch X36d1"]
[BlackEngine "Cryptic Heroes 9.4B"]
[EventType "Swiss"]
[WhiteTeam ""]
[BlackTeam ""]
[PlyCount "145"]
[TimeControl "720+1"]

1. d4 d5 2. Nf3 Bf5 3. c4 e6 4. Nc3 Nc6 5. cxd5 exd5 6. Bf4 Bb4 7. Rc1 Nf6 
8. e3 O-O 9. h3 Ne4 10. Bd3 Na5 11. O-O Nxc3 12. bxc3 Bxd3 13. Qxd3 Bd6 
14. Bxd6 Qxd6 15. Nd2 Rfe8 16. c4 c6 17. cxd5 cxd5 18. Rc3 a6 19. Rb1 g6 
20. Rc5 b6 21. Rcc1 b5 22. a4 b4 23. Rc5 Nb7 24. Rc2 Na5 25. Rbc1 Rad8 
26. Rc7 Re6 27. R7c5 Qb6 28. Nb3 Nc4 29. a5 Qb7 30. Nd2 Nxd2 31. Qxd2 Rb8 
32. Qa2 Rd6 33. Qa4 Qe7 34. Rb1 Qb7 35. Rc2 Qb5 36. Qxb5 Rxb5 37. Rcb2 Kg7 
38. Rxb4 Rxa5 39. R4b2 Ra3 40. g4 Rc6 41. Kg2 a5 42. Rb5 Rc2 43. Kg3 Raa2 
44. Rf1 a4 45. Rxd5 a3 46. Ra5 Rc3 47. Kf3 Rd2 48. Ra1 Rxd4 49. R5xa3 Rxa3 
50. Rxa3 Rd5 51. e4 Rd1 52. Ra5 Rd3+ 53. Kg2 Rd4 54. f3 h5 55. gxh5 f5 
56. Rd5 Rc4 57. h6+ Kxh6 58. exf5 gxf5 59. Rxf5 Rc2+ 60. Kg3 Kg6 61. Ra5 Rc1 
62. Ra6+ Kh5 63. Ra4 Rg1+ 64. Kf2 Rh1 65. Kg2 Rb1 66. Ra5+ Kh4 67. Ra4+ Kh5 
68. Rg4 Ra1 69. Kf2 Ra2+ 70. Kg3 Ra1 71. Kg2 Rb1 72. Kg3 Ra1 73. Rd4 1/2-1/2

[Event "Monday 30 April Rapid Engine Tour 12+1 Rounds 9 Starts 1600ST"]
[Site "Infinity Chess"]
[Date "2018.4.30"]
[Round "3"]
[White "Thor"]
[Black "IronMan"]
[Result "1/2-1/2"]
[ECO "C55"]
[WhiteElo "2466"]
[BlackElo "2364"]
[WhiteEngine "asmFishW_2018-04-08_bmi2"]
[BlackEngine "Eman 1.70-beta23 64-bit POPCNT"]
[EventType "Swiss"]
[WhiteTeam ""]
[BlackTeam ""]
[PlyCount "179"]
[TimeControl "720+1"]

1. e4 e5 2. Nf3 Nc6 3. Bc4 Nf6 4. d3 Bc5 5. c3 d6 6. O-O O-O 7. Nbd2 a5 
8. Re1 Ba7 9. h3 Be6 10. Bb5 Ne7 11. Ba4 Ng6 12. Bc2 Nh5 13. Nf1 Nhf4 14. d4 c6 
15. Ng3 exd4 16. Nxd4 Bxd4 17. cxd4 d5 18. e5 f5 19. Nh5 Nxh5 20. Qxh5 Qb6 
21. Rd1 c5 22. f4 Ne7 23. Qe2 Rfc8 24. Kh2 Qc6 25. Bd2 b6 26. Rdc1 Qb7 
27. Bd1 a4 28. a3 c4 29. g4 Nc6 30. Bc3 b5 31. Bc2 Rf8 32. g5 Ra6 33. Rg1 Rfa8 
34. Qd2 Na5 35. g6 h6 36. h4 Nb3 37. Bxb3 axb3 38. Bb4 Qd7 39. Rh1 Kh8 
40. h5 Qb7 41. Kg2 R6a7 42. Rac1 Ra4 43. Qe3 Qd7 44. Rhe1 Qd8 45. Qg3 Kg8 
46. Bc5 Qc8 47. Rh1 Qb7 48. Bb4 Kh8 49. Qf2 Rc8 50. Qf3 Raa8 51. Rhd1 Ra6 
52. Rh1 Raa8 53. Rhe1 Qd7 54. Rcd1 Re8 55. Kg3 Qc7 56. Qe3 Qd7 57. Kg2 Qb7 
58. Bc5 Qc6 59. Rb1 Qd7 60. Rbc1 Qc6 61. Qf2 Qc8 62. Qf3 Qb7 63. Qh3 Rac8 
64. Bb4 Ra8 65. Red1 Rac8 66. Qf3 Qb6 67. Qh3 Qd8 68. Qe3 Ra8 69. Qf2 Qd7 
70. Rh1 Qd8 71. Rce1 Qc7 72. Rc1 Ra7 73. Bc5 Rb7 74. Rcd1 Bd7 75. Bd6 Qc8 
76. Bb4 Bc6 77. Rc1 Rc7 78. Bd6 Ra7 79. Rhe1 Ra6 80. Bc5 Qe6 81. Kf1 Raa8 
82. Re2 Kg8 83. Qe1 Bb7 84. Rb1 Rac8 85. Bb4 Ra8 86. Bc5 Rec8 87. Qb4 Bc6 
88. Rbe1 Re8 89. Qd2 Ra6 90. Qd3 1/2-1/2

[Event "Monday 30 April Rapid Engine Tour 12+1 Rounds 9 Starts 1600ST"]
[Site "Infinity Chess"]
[Date "2018.4.30"]
[Round "3"]
[White "hafaba"]
[Black "coreoptimist"]
[Result "1/2-1/2"]
[ECO "C53"]
[WhiteElo "2413"]
[BlackElo "2382"]
[WhiteEngine "Eman 1.70-beta21 64-bit POPCNT_CTG"]
[BlackEngine "asmFishW_2018-04-25_bmi2_CTG"]
[EventType "Swiss"]
[WhiteTeam ""]
[BlackTeam ""]
[PlyCount "96"]
[TimeControl "720+1"]

1. e4 e5 2. Nf3 Nc6 3. Bc4 Bc5 4. c3 Nf6 5. d3 d6 6. O-O a5 7. Nbd2 O-O 
8. Bb3 h6 9. h3 Be6 10. Re1 Bb6 11. Bxe6 fxe6 12. Nc4 Ba7 13. a4 Bc5 
14. Be3 Bxe3 15. Rxe3 Qd7 16. Qb3 Nh5 17. Qb5 Rf7 18. d4 exd4 19. cxd4 Nf4 
20. Rc1 Nb4 21. Qxd7 Rxd7 22. Rd1 b6 23. h4 Rf8 24. g3 Nh5 25. Nh2 Rfd8 
26. Ng4 Nf6 27. Nxf6+ gxf6 28. d5 exd5 29. exd5 Kf7 30. Rf3 h5 31. Ne3 Kg6 
32. Ng2 Re8 33. Rd4 Re5 34. Nf4+ Kh6 35. Rc3 Rde7 36. Kg2 Rg7 37. f3 Na6 
38. Kh3 Nc5 39. g4 hxg4+ 40. fxg4 Rge7 41. Rf3 Re3 42. Kg2 Rxf3 43. Kxf3 Re1 
44. b4 Nb3 45. Rd3 Nc1 46. Rd4 Nb3 47. Rd3 Nc1 48. Rd4 Nb3 1/2-1/2

[Event "Monday 30 April Rapid Engine Tour 12+1 Rounds 9 Starts 1600ST"]
[Site "Infinity Chess"]
[Date "2018.4.30"]
[Round "3"]
[White "angriff"]
[Black "ocirema"]
[Result "1/2-1/2"]
[ECO "C55"]
[WhiteElo "2438"]
[BlackElo "2406"]
[WhiteEngine "DracoREX 3.07 64BIT POPCNT_CTG"]
[BlackEngine "asmFishW_9_popcnt"]
[EventType "Swiss"]
[WhiteTeam ""]
[BlackTeam ""]
[PlyCount "136"]
[TimeControl "720+1"]

1. e4 e5 2. Nf3 Nc6 3. Bc4 Nf6 4. d3 Bc5 5. O-O d6 6. c3 a5 7. Re1 Ba7 
8. Nbd2 O-O 9. h3 Be6 10. Bb5 Ne7 11. d4 Ng6 12. Ba4 Nh5 13. Nf1 exd4 
14. cxd4 Nhf4 15. Bc2 d5 16. Bxf4 Nxf4 17. e5 f6 18. Qd2 fxe5 19. Rxe5 Bd7 
20. Rae1 c6 21. N1h2 Bb8 22. R5e3 a4 23. Ne5 Bc7 24. Qd1 Ba5 25. Nxd7 Qxd7 
26. Re7 Qc8 27. Rf1 Bb4 28. Re3 a3 29. bxa3 Rxa3 30. Ng4 g6 31. Rxa3 Bxa3 
32. g3 Nxh3+ 33. Kg2 Ng5 34. f4 Ne4 35. Bxe4 dxe4 36. d5 Qd7 37. Qb3 Qxg4 
38. dxc6+ Kg7 39. Qxa3 bxc6 40. Qb2+ Kg8 41. Qb3+ Kg7 42. Qc3+ Rf6 43. Re1 Qe6 
44. Re2 Qf5 45. Qc4 Re6 46. Qd4+ Kg8 47. Rb2 Re7 48. Rb8+ Kf7 49. Qd8 Ke6 
50. Qg8+ Qf7 51. Qc8+ Kd6 52. Ra8 Qd5 53. Qb8+ Ke6 54. Qc8+ Kf6 55. Qf8+ Rf7 
56. Qh8+ Kf5 57. Rd8 Qb5 58. Rd2 e3 59. Qc8+ Kf6 60. Qd8+ Re7 61. Rd6+ Kf7 
62. Qh8 Qe2+ 63. Kh1 Qf3+ 64. Kh2 Qe2+ 65. Kh3 Qf1+ 66. Kh2 Qe2+ 67. Kh3 Qf1+ 
68. Kh2 Qe2+ 1/2-1/2

[Event "Monday 30 April Rapid Engine Tour 12+1 Rounds 9 Starts 1600ST"]
[Site "Infinity Chess"]
[Date "2018.4.30"]
[Round "3"]
[White "HerzsjeMZ"]
[Black "Gilgamesch"]
[Result "1/2-1/2"]
[ECO "B90"]
[WhiteElo "2450"]
[BlackElo "2504"]
[WhiteEngine "SugaR.XPrO.1.4.64.POCNT"]
[BlackEngine "BrainFish_180408_x64_bmi2"]
[EventType "Swiss"]
[WhiteTeam ""]
[BlackTeam ""]
[PlyCount "91"]
[TimeControl "720+1"]

1. e4 c5 2. Nf3 d6 3. d4 cxd4 4. Nxd4 Nf6 5. Nc3 a6 6. Be3 e5 7. Nb3 Be6 
8. Be2 Be7 9. Qd3 Nc6 10. a3 Rc8 11. Nd5 O-O 12. c3 Nd7 13. Qd2 h6 14. O-O-O Bg5 
15. Bxg5 hxg5 16. Kb1 Nf6 17. f3 Bxd5 18. exd5 Ne7 19. Bd3 Qb6 20. Ka2 Nexd5 
21. g4 Nf4 22. h4 gxh4 23. Rxh4 g6 24. Bc2 Rcd8 25. Nd4 Kg7 26. Rdh1 Rh8 
27. Qh2 Rhg8 28. Rh6 d5 29. Bb3 a5 30. a4 Kf8 31. Re1 exd4 32. Qxf4 dxc3 
33. g5 Nh5 34. Qe5 cxb2 35. Qe7+ Kg7 36. Qe5+ Kf8 37. Qxb2 Qb4 38. Qe5 Qd6 
39. Qc3 Qb4 40. Qc7 Qxe1 41. Qxd8+ Kg7 42. Qxd5 Qe2+ 43. Ka1 Qe1+ 44. Ka2 Qe2+ 
45. Ka1 Qe1+ 46. Ka2 1/2-1/2

[Event "Monday 30 April Rapid Engine Tour 12+1 Rounds 9 Starts 1600ST"]
[Site "Infinity Chess"]
[Date "2018.4.30"]
[Round "3"]
[White "xeonrocks"]
[Black "Susanne"]
[Result "0-1"]
[ECO "B32"]
[WhiteElo "2526"]
[BlackElo "2550"]
[WhiteEngine "Stockfish_x64_bmi2_CTG"]
[BlackEngine "asmFishW_IX_bmi2_CTG"]
[EventType "Swiss"]
[WhiteTeam ""]
[BlackTeam ""]
[PlyCount "204"]
[TimeControl "720+1"]

1. e4 c5 2. Nf3 Nc6 3. d4 cxd4 4. Nxd4 e5 5. Nf3 Nf6 6. Bd3 Bc5 7. Nc3 h6 
8. Nd5 d6 9. O-O Nxd5 10. exd5 Ne7 11. c4 O-O 12. Nd2 f5 13. a4 a5 14. Nb3 Bb6 
15. Be3 Bxe3 16. fxe3 b6 17. Bc2 Qc7 18. Rc1 Bd7 19. Nd2 Rf7 20. Qe2 Raf8 
21. b3 g6 22. Rf2 Kg7 23. Nb1 Ng8 24. Rcf1 Nf6 25. Qe1 Ng4 26. Re2 e4 
27. Qd2 Ne5 28. Ref2 g5 29. Nc3 Qd8 30. Qd4 h5 31. Bd1 Kh6 32. Rb2 Qc7 
33. Be2 Qc5 34. Rfb1 Rc8 35. Qd2 Qb4 36. Rf1 h4 37. h3 Rcf8 38. Rbb1 Rf6 
39. Rf2 Be8 40. Rbf1 Kg7 41. Qb2 Qc5 42. Qd2 Qc8 43. Qd4 Qd8 44. Rb1 Kg8 
45. Rff1 Qc7 46. Rf2 Qc5 47. Kh2 Bg6 48. Rff1 Kg7 49. Rbe1 Kh6 50. Rc1 g4 
51. Qxc5 g3+ 52. Kg1 bxc5 53. Rf4 Kg5 54. Kf1 Bh5 55. Bxh5 Nd3 56. Bd1 Nxc1 
57. Bc2 Rb8 58. Nb5 Na2 59. Ke1 Rb7 60. Kd1 Nb4 61. Kd2 Na6 62. Bb1 Nb4 
63. Rf1 f4 64. Rxf4 Rxf4 65. exf4+ Kxf4 66. Nxd6 Re7 67. Nb5 Ke5 68. d6 Rf7 
69. Ke3 Nd3 70. Nc3 Ne1 71. Bxe4 Kxd6 72. Nd1 Rf8 73. Bd5 Nc2+ 74. Kd2 Nd4 
75. Ke1 Re8+ 76. Kd2 Re2+ 77. Kd3 Ke5 78. Bb7 Ra2 79. Ba8 Ra3 80. Kd2 Rxb3 
81. Kc1 Rd3 82. Bb7 Ra3 83. Bd5 Ra1+ 84. Kd2 Ra2+ 85. Kd3 Ne2 86. Bc6 Nf4+ 
87. Kc3 Nxg2 88. Kb3 Rd2 89. Nc3 Ne1 90. Bh1 Rf2 91. Nd1 Kd4 92. Nc3 g2 
93. Nb5+ Kd3 94. Bxg2 Rxg2 95. Nd6 Nf3 96. Nf5 Nd4+ 97. Nxd4 Kxd4 98. Ka3 Kd3 
99. Kb3 Rh2 100. Ka3 Kc2 101. Ka2 Rh1 102. Ka3 Ra1# 0-1